 Dungeon Crawl Stone Soup version 0.30-a0-937-ga0a21ad780 (webtiles) character file.

Game seed: 17244917740979936226

179723 Lobster4 the Thaumaturge (level 18, 0/131 HPs)
             Began as a Djinni Fire Elementalist on Mar 24, 2023.
             Was the Champion of Makhleb.
             Slain by a reaper
             ... wielding a +2 scythe of freezing
              (19 damage)
             ... in an ice cave.
             The game lasted 01:42:18 (27003 turns).

Lobster4 the Thaumaturge (DjFE)                    Turns: 27003, Time: 01:42:18

Health: 0/131      AC: 23    Str:  9    XL:     18   Next: 54%
Gold:   2163       EV: 26    Int: 29    God:    Makhleb [******] SH:  5 Dex: 13

rFire   . . .      SeeInvis .    c - melded +6 falchion "Demonbane" {holy, rElec rN++ Int+4 Stlth-}
rCold   + . .      Faith    .    s - melded +2 buckler
rNeg    . . .      Spirit   .    V - melded +4 troll leather armour
rPois   ∞          Reflect  +    j - melded +2 helmet "Nomiod" {Contam rPois Int+4 SInv}
rElec   +          Rampage  .    P - melded scarf {rC+ rF+}
rCorr   +                        t - melded +2 pair of gloves
Will    +....                    (boots unavailable)
Stlth   ++                       U - amulet of Naezoen {Reflect Fly rF- Int+5 SH+5}
HPRegen 0.41/turn                i - ring "Otedothu" {rPois rF+ rC+ rCorr}
MPRegen 0.00/turn                A - +4 ring of protection

@: storm-form, flying
A: cleaving, insubstantial, flying, sickness immunity, (fire resistance 2),
(cold vulnerability 1), float, innate caster, HP casting, extra vitality 1
}: 1/15 runes: decaying
a: Blinkbolt, End Transformation, Renounce Religion, Minor Destruction, Lesser
Servant of Makhleb, Major Destruction, Greater Servant of Makhleb


You were in an ice cave.
You worshipped Makhleb.
Makhleb was exalted by your worship.
You were a lightning-filled tempest!
You visited 6 branches of the dungeon, and saw 28 of its levels.
You also visited: Gauntlet and Ice Cave.

You collected 3114 gold pieces.
You spent 951 gold pieces at shops.

Inventory:

Hand Weapons
 a - a +4 sling of draining
 c - the +6 falchion "Demonbane" (melded) {holy, rElec rN++ Int+4 Stlth-}
   (You found it on level 3 of the Lair of Beasts)

   Int:       It affects your intelligence (+4).
   rElec:     It insulates you from electricity.
   rN:        It greatly protects you from negative energy.
   Stlth:     It makes you less stealthy.
 M - the +5 rapier of Red Wine {heavy, +Blink Dex+5}
   (You bought it in a shop on level 2 of the Dungeon)

   Dex:       It affects your dexterity (+5).
   +Blink:    It lets you blink.
Missiles
 r - 2 throwing nets
Armour
 j - the +2 helmet "Nomiod" (melded) {Contam rPois Int+4 SInv}
   (You found it in a Gauntlet)

   Int:       It affects your intelligence (+4).
   rPois:     It protects you from poison.
   SInv:      It lets you see invisible.
   Contam:    It causes magical contamination when unequipped.
 s - a +2 buckler (melded)
 t - a +2 pair of gloves (melded)
 w - a +2 robe of willpower
 P - a scarf of resistance (melded)
 V - a +4 troll leather armour (melded)
Jewellery
 h - an amulet of regeneration
 i - the ring "Otedothu" (left fist) {rPois rF+ rC+ rCorr}
   (You found it in a Gauntlet)

   [ring of protection from cold]

   rF:        It protects you from fire.
   rC:        It protects you from cold.
   rPois:     It protects you from poison.
   rCorr:     It protects you from acid and corrosion.
 A - a +4 ring of protection (right fist)
 U - the amulet of Naezoen (around neck) {Reflect Fly rF- Int+5 SH+5}
   (You bought it in a shop on level 2 of the Orcish Mines)

   [amulet of reflection]

   It reflects blocked missile attacks.
   Int:       It affects your intelligence (+5).
   rF:        It makes you vulnerable to fire.
   Fly:       It grants you flight.
   SH:        It affects your SH (+5).
Wands
 y - a wand of acid (35)
 B - a wand of paralysis (31)
 C - a wand of mindburst (48)
 G - a wand of flame (72)
 T - a wand of iceblast (22)
Scrolls
 e - 11 scrolls of teleportation
 l - a scroll of summoning
 p - 3 scrolls of enchant weapon
 x - a scroll of poison
 F - 5 scrolls of identify
 N - 4 scrolls of magic mapping
 R - 3 scrolls of fog
 Z - 4 scrolls of immolation
Potions
 b - 4 potions of lignification
 d - 2 potions of resistance
 f - 14 potions of curing
 g - 4 potions of invisibility
 m - 3 potions of berserk rage
 n - 4 potions of ambrosia
 o - a potion of haste
 u - 5 potions of brilliance
 z - 5 potions of mutation
 D - 5 potions of might
 E - a potion of cancellation
 J - 5 potions of heal wounds
Miscellaneous
 H - a condenser vane (inert)
 I - a tin of tremorstones (2/2)
 K - a phial of floods
 Q - a box of beasts (inert)
 X - a phantom mirror


   Skills:
 + Level 12.8 Fighting
 - Level 5.0(5.5) Short Blades
 - Level 3.7(5.0) Long Blades
 - Level 5.0 Staves
 - Level 2.0 Throwing
 + Level 12.0 Armour
 + Level 12.0 Dodging
 - Level 2.0 Stealth
 + Level 9.4 Shields
 * Level 14.3 Spellcasting
 + Level 9.3 Invocations
 - Level 7.0 Evocations


You knew the following spells:

 Your Spells              Type           Power      Damage    Failure   Level
a - Foxfire               Conj/Fire      100%       2x1d9     0%          1
b - Scorch                Fire           100%       2d10      0%          2
c - Airstrike             Air            40%        2d(6-22)  1%          4
d - Inner Flame           Hex/Fire       81%        N/A       1%          3
e - Flame Wave            Conj/Fire      81%        2d18      1%          4
f - Apportation           Tloc           100%       N/A       0%          1
g - Lesser Beckoning      Tloc           100%       N/A       0%          2
h - Portal Projectile     Hex/Tloc       100%       N/A       1%          3
i - Anguish               Hex/Necr       40%        N/A       1%          4
j - Metabolic Englaciati  Hex/Ice        40%        N/A       1%          5
k - Kindle Blastsparks    Fire/Tloc/Air  100%       2d18      1%          3
l - Summon Cactus Giant   Summ           40%        N/A       1%          6
m - Storm Form            Tmut/Air       40%        N/A       5%          7
Your spell library was empty.

Dungeon Overview and Level Annotations

Branches:
Dungeon (15/15)            Temple (0/1) D:6            Lair (5/5) D:10
  Swamp (4/4) Lair:2       Spider (1/4) Lair:2        Slime (0/5) Lair:5
    Orc (2/2) D:10            Elf (1/3) Orc:2        Vaults (0/5) D:14
 Depths (0/4) D:15          IceCv (1/1)             Gauntlet (visited)

Altars:
Ashenzari
Elyvilon
Hepliaklqana
Makhleb
Nemelex Xobeh
Ru
Uskayaw
Yredelemnul
Zin
The Shining One

Shops:
D:1 !   D:2 (   D:6 :   D:8 *   D:14 ?   Orc:2 **[:*

Annotations:
D:12 3 runed translucent doors, bearlyready's ghost, journeyman AtBe
Lair:5 1 runed translucent door


Innate Abilities, Weirdness & Mutations

You are a lightning-filled tempest!
Your electrical attacks strike out in all directions at once.
You are incredibly evasive.
Your insubstantial body is immune to petrification, constriction, and being set on fire You are flying.
Your armour is entirely melded.
You are incapable of wielding weapons or throwing items.
You are immune to sickness and miasma.
You are immune to poison.
((Your flesh is very heat resistant. (rF++)))
((You are vulnerable to cold. (rC-)))
You float through the air rather than walking.
You learn spells naturally, not from books.
Your magical power is your life essence.
You have superior vitality. (+4 MHP)


Message History

The reaper closely misses you.
Casting: Summon Cactus Giant (mildly dangerous; 1% risk of failure)
Confirm with . or Enter, or press ? or * to list all spells.
You turn into a lightning-filled tempest!
The +6 falchion "Demonbane" {holy, rElec rN++ Int+4 Stlth-} melds into your body.
Your scarf of resistance melds into your body.
The +2 helmet "Nomiod" {Contam rPois Int+4 SInv} melds into your body.
Your +2 pair of gloves melds into your body.
Your +2 buckler melds into your body.
Your +4 troll leather armour melds into your body.
The +6 falchion "Demonbane" {holy, rElec rN++ Int+4 Stlth-} stops glowing.
You feel hot and cold all over. The reaper completely misses you.
The reaper misses you.
Your juvenile weirdfire beast hits the reaper!
Your juvenile weirdfire beast constricts the reaper!
Your juvenile weirdfire beast barely misses the reaper.
Your juvenile weirdfire beast constricts the reaper.
The reaper hits you with a +0 scythe of freezing.
You block the reaper's attack.
Your cactus giant hits the reaper with a +0 giant spiked club!
The reaper hits you with a +2 scythe of freezing!!
The reaper freezes you.
You hit the reaper but do no damage.
The reaper is almost dead.
You barely miss the reaper.
The reaper hits you from afar with a +0 scythe of freezing!!
The reaper freezes you.
* * * LOW HITPOINT WARNING * * *
The reaper is struck by your cactus giant's spines.
The reaper hits your cactus giant with a +0 scythe of freezing!!!
The reaper freezes your cactus giant.
The reaper hits you with a +2 scythe of freezing!
* * * LOW HITPOINT WARNING * * *
Your juvenile weirdfire beast breathes flames at the reaper.
The blast of flame hits the reaper!!
The reaper is burned terribly!
The reaper dies!
Makhleb accepts your kill.
The blast of flame hits the reaper!
The reaper hits you from afar with a +2 scythe of freezing!!
You die...

##. ##...##
#.....##
##......#
#.......#
##..##...#
#....#..##
.≈≈...#.##.#
#≈#..##CH#§#§##
# #..#v.2§§§§§.
#.....2§§§§§.
#...#..°####.
#...#...○.
#...#...○.°○
#.○.☼###.§#○☼#
#.○○○ #○#..#
.○#☼○ .# .#


You could see 2 reapers, a friendly juvenile weirdfire beast (summoned) and a
friendly cactus giant (summoned).

Vanquished Creatures
  A tentacled monstrosity (Swamp:2)
  2 thorn hunters (Swamp:4)
  Roxanne (Swamp:4)
  Azrael (D:13)
  7 bunyips
  4 eleionomae
  A fire dragon (Lair:5)
  Erolcha (D:12)
  3 vault guards (D:14)
  A shambling mangrove (Swamp:2)
  A rakshasa (D:13)
  A spriggan air mage (Swamp:3)
  26 hydras
  A catoblepas (Lair:4)
  4 ghost crabs
  2 boulder beetles (D:15)
  A death knight (D:15)
  A centaur warrior (D:15)
  6 death yaks (Lair:5)
  6 alligators
  4 tengu warriors
  6 two-headed ogres
  A dancing weapon (Elf:1)
  Urug (Lair:1)
  An orc high priest (Orc:1)
  A soul eater (Gauntlet)
  A deep elf knight (Elf:1)
  Nergalle (Lair:1)
  2 skysharks
  2 bunyip zombies (Swamp:3)
  5 spriggan druids
  An orb spider (Spider:1)
  10 swamp dragons (Swamp:4)
  A deep elf archer (Elf:1)
  2 spriggan simulacra
  6 goliath frogs
  4 lindwurms
  4 bunyip skeletons (Swamp:3)
  5 bog bodies
  A wizard (D:15)
  A necromancer (Swamp:3)
  An orc knight (D:14)
  4 deep elf zephyrmancers (Elf:1)
  Pikel (D:7)
  A wolf spider (Lair:2)
  9 ugly things
  A salamander (D:15)
  4 deep elf pyromancers
  An oklob plant (Lair:3)
  11 orc sorcerers
  9 cyclopes
  3 manticores
  4 will-o-the-wisps
  Maurice (D:13)
  9 elephants
  9 black mambas
  2 molten gargoyles (Lair:5)
  11 cane toads
  A torpor snail (Lair:5)
  A demonic crawler (Spider:1)
  3 gargoyles
  An ice statue (Elf:1)
  2 unseen horrors
  Maggie (D:10)
  5 rime drakes
  2 ice devils (IceCv)
  11 komodo dragons
  2 freezing wraiths (IceCv)
  8 trolls
  7 tyrant leeches
  2 bloated husks (Swamp:1)
  3 polar bears (Lair:5)
  23 hornets
  6 dream sheep (Lair:3)
  10 blink frogs
  8 slime creatures
  2 jumping spiders (Spider:1)
  Sigmund (D:6)
  2 wraiths (D:10)
  An air elemental (Elf:1)
  26 spriggans
  2 shadows
  3 centaur simulacra
  36 yaks
  A ynoxinul (Gauntlet)
  A vampire (D:12)
  9 wyverns
  2 fire elementals (D:13)
  9 humans (D:14)
  2 minotaur simulacra (IceCv)
  7 basilisks
  4 steam dragons
  A redback (Spider:1)
  Menkaure (D:6)
  12 vampire mosquitoes
  5 wargs (Orc:2)
  12 swamp worms
  A naga (shapeshifter) (D:15)
  2 acid dragons
  9 water moccasins
  7 hell hounds
  A meliai simulacrum (D:15)
  A sky beast (D:8)
  6 swamp drakes
  2 ettin simulacra (IceCv)
  11 orc warriors
  3 black bears (D:6)
  5 ice beasts
  8 ogres
  44 wolves
  8 centaurs
  A swamp dragon skeleton (Swamp:3)
  2 phantoms (D:6)
  2 lemures (D:7)
  3 kobold brigands
  13 bullfrogs
  2 deep troll simulacra (IceCv)
  7 scorpions
  2 gnoll sergeants
  A necrophage (D:6)
  7 wights
  17 killer bees
  A lindwurm simulacrum (IceCv)
  3 electric eels
  5 howler monkeys
  5 lava snakes (Lair:5)
  13 orc priests
  A gnoll bouda (D:4)
  2 iron imps (Gauntlet)
  3 hounds
  5 iguanas
  Terence (D:3)
  7 hell rats (Lair:5)
  39 orc wizards
  A mummy (D:6)
  7 adders
  13 gnolls
  4 shadow imps
  A white imp (D:5)
  An ufetubus (D:4)
  2 dart slugs
  84 orcs
  6 ball pythons
  5 endoplasms
  3 giant cockroaches
  8 goblins
  3 hobgoblins
  5 jackals
  12 kobolds
  A quokka (D:1)
  5 bats (D:1)
  6 frilled lizards
  8 rats
  A spectral orc (D:14)
873 creatures vanquished.

Vanquished Creatures (collateral kills)
  A reaper (IceCv)
  A minotaur (Gauntlet)
  An elephant (Gauntlet)
  An iron imp (Gauntlet)
  2 shadow imps (Gauntlet)
  A foxfire (Lair:2)
7 creatures vanquished.

Vanquished Creatures (others)
  A dire elephant (Gauntlet)
  A spriggan druid (Swamp:3)
  A deep elf pyromancer (D:13)
  2 ugly things (D:14)
  2 bloated husks
  A spriggan (Swamp:1)
  A yak (Lair:5)
  An orc wizard (Orc:2)
  2 briar patches (Swamp:4)
  A bush (D:14)
  17 demonic plants (Gauntlet)
  1048 foxfires
  22 fungi
  69 plants
1169 creatures vanquished.

Grand Total: 2049 creatures vanquished

Notes
Turn   | Place    | Note
-------+----------+-------------------------------------------
     0 | D:1      | Lobster4 the Djinni Fire Elementalist began the quest for
                  | the Orb.
     0 | D:1      | Lobster4 set off with the following spells memorised:
                  | Foxfire, Scorch, Kindle Blastsparks, Inner Flame, Flame
                  | Wave.
     0 | D:1      | Reached XP level 1. HP: 15/15 MP: 0/0
    98 | D:1      | Reached XP level 2. HP: 18/21 MP: 0/0
   318 | D:1      | Reached XP level 3. HP: 20/26 MP: 0/0
   318 | D:1      | Learned a level 1 spell: Apportation
   507 | D:1      | Found Ciuv's Distillery.
   978 | D:1      | Found a faded altar of an unknown god.
  1039 | D:1      | Reached skill level 1 in Armour
  1351 | D:2      | Reached skill level 1 in Fighting
  1351 | D:2      | Reached XP level 4. HP: 32/32 MP: 0/0
  1381 | D:2      | Found a sparkling altar of Nemelex Xobeh.
  1616 | D:2      | Found Wueges's Antique Weapon Boutique.
  1950 | D:3      | You are sucked into a shaft and drop 1 floor!
  2001 | D:4      | Reached skill level 3 in Spellcasting
  2028 | D:4      | Reached skill level 1 in Short Blades
  2028 | D:4      | Reached XP level 5. HP: 37/37 MP: 0/0
  2028 | D:4      | Learned a level 2 spell: Lesser Beckoning
  2623 | D:3      | Noticed Terence
  2630 | D:3      | Killed Terence
  2864 | D:4      | Found a burning altar of Makhleb.
  2877 | D:4      | Became a worshipper of Makhleb the Destroyer
  2880 | D:4      | Reached XP level 6. HP: 29/43 MP: 0/0
  3280 | D:4      | Reached skill level 1 in Shields
  3419 | D:4      | Found a sparkling altar of Nemelex Xobeh.
  3715 | D:5      | Entered Level 5 of the Dungeon
  3715 | D:5      | Noticed a water moccasin
  3804 | D:5      | Reached XP level 7. HP: 48/49 MP: 0/0
  3804 | D:5      | Learned a level 3 spell: Portal Projectile
  3836 | D:5      | Found a broken altar of Ashenzari.
  3844 | D:5      | Reached skill level 1 in Staves
  4133 | D:5      | Killed a water moccasin
  4134 | D:5      | Reached skill level 1 in Invocations
  4134 | D:5      | Reached skill level 1 in Evocations
  4186 | D:5      | Reached skill level 4 in Spellcasting
  4186 | D:5      | Reached XP level 8. HP: 52/55 MP: 0/0
  4253 | D:5      | Reached skill level 1 in Throwing
  4595 | D:6      | Noticed Sigmund
  4602 | D:6      | Killed Sigmund
  4656 | D:6      | Found a staircase to the Ecumenical Temple.
  4807 | D:6      | Found Dinn's Book Emporium.
  4822 | D:6      | Reached * piety under Makhleb
  4870 | D:6      | Reached XP level 9. HP: 60/61 MP: 0/0
  4870 | D:6      | Learned a level 4 spell: Airstrike
  5125 | D:6      | Found a transporter.
  5146 | D:6      | Noticed Menkaure
  5155 | D:6      | Found a transporter.
  5155 | D:6      | Found a basalt altar of Yredelemnul.
  5196 | D:6      | Reached skill level 5 in Dodging
  5196 | D:6      | Reached skill level 5 in Spellcasting
  5545 | D:7      | Found a hazy altar of Hepliaklqana.
  5644 | D:7      | Reached ** piety under Makhleb
  5914 | D:7      | Noticed Pikel
  5924 | D:7      | Killed Pikel
  5925 | D:7      | Reached XP level 10. HP: 66/69 MP: 0/0
  6042 | D:7      | Reached skill level 6 in Spellcasting
  6238 | D:7      | Found a glowing golden altar of the Shining One.
  6238 | D:7      | Found a white marble altar of Elyvilon.
  6239 | D:7      | Found a glowing silver altar of Zin.
  6539 | D:8      | Reached skill level 5 in Fighting
  6558 | D:8      | Found Okkysata's Neck Hole.
  6602 | D:8      | Reached skill level 5 in Armour
  6941 | D:8      | Identified the +3 hand axe of Understanding {heavy, rF+
                  | Dex+3}
  6956 | D:8      | Reached skill level 5 in Shields
  7224 | D:8      | Reached *** piety under Makhleb
  7620 | D:2      | Bought a shimmering rapier for 225 gold pieces
  7620 | D:2      | Identified the +5 rapier of Red Wine {heavy, +Blink Dex+5}
                  | (You bought it in a shop on level 2 of the Dungeon)
  8240 | D:9      | Reached XP level 11. HP: 73/76 MP: 0/0
  8240 | D:9      | Learned a level 4 spell: Anguish
  8399 | D:9      | Reached skill level 7 in Spellcasting
  8486 | D:9      | Noticed a two-headed ogre
  8512 | D:9      | Killed a two-headed ogre
  9084 | D:10     | Entered Level 10 of the Dungeon
  9084 | D:10     | Noticed a +0 spear
  9084 | D:10     | Noticed a +0 falchion
  9084 | D:10     | Noticed a +0 falchion
  9084 | D:10     | Noticed a +0 dagger
  9085 | D:10     | Noticed a +0 short sword
  9085 | D:10     | Noticed a +0 dagger
  9086 | D:10     | Noticed a +0 spear
  9087 | D:10     | Noticed a +0 short sword
  9091 | D:10     | Noticed Maggie
  9121 | D:10     | Found a staircase to the Orcish Mines.
  9175 | D:10     | Found a staircase to the Lair.
  9272 | D:10     | Reached **** piety under Makhleb
  9274 | D:10     | Noticed a two-headed ogre
  9282 | D:10     | Killed a two-headed ogre
  9438 | D:10     | Noticed a cyclops
  9449 | D:10     | Killed a cyclops
  9479 | D:10     | Reached skill level 8 in Spellcasting
  9483 | D:10     | Killed Maggie
  9619 | D:10     | Found a hide-covered altar of Uskayaw.
  9980 | D:11     | Reached XP level 12. HP: 81/84 MP: 0/0
 10155 | D:11     | Noticed a two-headed ogre
 10164 | D:11     | Killed a two-headed ogre
 10435 | Orc:1    | Entered Level 1 of the Orcish Mines
 10545 | Orc:1    | Noticed a sixfirhy
 10546 | Orc:1    | Noticed an orc high priest
 10553 | Orc:1    | Killed an orc high priest
 10589 | Orc:1    | Paralysed by an orc sorcerer for 5 turns
 10810 | Orc:1    | Noticed a two-headed ogre
 10817 | Orc:1    | Killed a two-headed ogre
 11118 | Orc:2    | Entered Level 2 of the Orcish Mines
 11165 | Orc:2    | Reached ***** piety under Makhleb
 11182 | Orc:2    | Found Vichus's Antique Armour Shop.
 11195 | Orc:2    | Found a staircase to the Elven Halls.
 11241 | Orc:2    | Reached skill level 5 in Short Blades
 11290 | Orc:2    | Reached XP level 13. HP: 89/91 MP: 0/0
 11290 | Orc:2    | Learned a level 5 spell: Metabolic Englaciation
 11310 | Orc:2    | Reached skill level 9 in Spellcasting
 11331 | Orc:2    | Found Ywebra's Book Shop.
 11331 | Orc:2    | Found Mytier's Assorted Antiques.
 11392 | Orc:2    | Reached skill level 5 in Invocations
 11709 | Orc:2    | Found Miur's Assorted Antiques.
 11709 | Orc:2    | Found Vymonimo's Assorted Antiques.
 11726 | Orc:2    | Bought a faintly glowing diamond amulet for 190 gold pieces
 11726 | Orc:2    | Identified the amulet of Naezoen {Reflect Fly rF- Int+5
                  | SH+5} (You bought it in a shop on level 2 of the Orcish
                  | Mines)
 11748 | Orc:2    | Reached skill level 5 in Evocations
 11966 | Orc:2    | Bought a scroll of identify for 56 gold pieces
 12203 | Lair:1   | Entered Level 1 of the Lair of Beasts
 12297 | Lair:1   | Noticed Urug
 12304 | Lair:1   | Killed Urug
 12343 | Lair:1   | Found a sacrificial altar of Ru.
 12387 | Lair:1   | Noticed Nergalle
 12399 | Lair:1   | Killed Nergalle
 12993 | Lair:2   | Found a staircase to the Swamp.
 13073 | Lair:2   | Reached ****** piety under Makhleb
 13157 | Lair:2   | Reached skill level 5 in Staves
 13274 | Lair:2   | Found a hole to the Spider Nest.
 13480 | Lair:2   | Reached XP level 14. HP: 96/99 MP: 0/0
 13901 | Lair:3   | Reached skill level 10 in Spellcasting
 14084 | Lair:3   | Identified the +6 falchion "Demonbane" {holy, rElec rN++
                  | Int+4 Stlth-}
 14488 | Lair:3   | Identified the +6 chain mail of the Barnacle {Contam +Blink
                  | Regen+ Dex-3}
 15701 | Lair:5   | Entered Level 5 of the Lair of Beasts
 16101 | Lair:5   | Found a runed translucent door.
 16101 | Lair:5   | Noticed an acid blob
 16102 | Lair:5   | Found a staircase to the Slime Pits.
 16102 | Lair:5   | Noticed an acid blob
 16243 | Lair:5   | Reached skill level 11 in Spellcasting
 16282 | Lair:5   | Reached XP level 15. HP: 31/107 MP: 0/0
 16282 | Lair:5   | Learned a level 6 spell: Summon Cactus Giant
 16503 | Lair:5   | Reached skill level 10 in Dodging
 16652 | Lair:5   | Reached skill level 10 in Armour
 16890 | Lair:5   | Reached skill level 10 in Fighting
 16912 | Lair:5   | Found a large runed translucent door.
 16924 | Lair:5   | Found a large runed translucent door.
 17423 | D:12     | Noticed Erolcha
 17430 | D:12     | Killed Erolcha
 17559 | D:8      | Bought a scarf of resistance for 480 gold pieces
 17728 | D:12     | Found a runed translucent gate.
 17728 | D:12     | Found a runed translucent gate.
 17728 | D:12     | Noticed bearlyready's ghost (journeyman AtBe)
 17729 | D:12     | Found a runed translucent gate.
 18063 | D:12     | Reached skill level 12 in Spellcasting
 18542 | D:13     | Found a gate leading to a gauntlet.
 18582 | Gauntlet | Entered a Gauntlet
 18582 | Gauntlet | Found a transporter.
 18591 | Gauntlet | Found a transporter.
 18608 | Gauntlet | Found a transporter.
 18610 | Gauntlet | Found a large runed translucent door.
 18610 | Gauntlet | Found a large runed translucent door.
 18611 | Gauntlet | Found a large runed translucent door.
 18611 | Gauntlet | Found a large runed translucent door.
 18612 | Gauntlet | Found a large runed translucent door.
 18612 | Gauntlet | Found a large runed translucent door.
 18612 | Gauntlet | Found a runed translucent door.
 18612 | Gauntlet | Found a runed translucent door.
 18612 | Gauntlet | Found a large runed translucent door.
 18613 | Gauntlet | Found a transporter.
 18635 | Gauntlet | Found a transporter.
 18645 | Gauntlet | Found a large runed translucent door.
 18646 | Gauntlet | Found a large runed translucent door.
 18647 | Gauntlet | Found a large runed translucent door.
 18647 | Gauntlet | Found a large runed translucent door.
 18648 | Gauntlet | Found a runed translucent gate.
 18649 | Gauntlet | Found a transporter.
 18649 | Gauntlet | Found a runed translucent gate.
 18650 | Gauntlet | Found a runed translucent gate.
 18651 | Gauntlet | Found a large runed translucent door.
 18651 | Gauntlet | Found a large runed translucent door.
 18652 | Gauntlet | Found a large runed translucent door.
 18653 | Gauntlet | Found a large runed translucent door.
 18661 | Gauntlet | Found a transporter.
 18663 | Gauntlet | Found a large runed translucent door.
 18667 | Gauntlet | Found a transporter.
 18682 | Gauntlet | Found a transporter.
 18694 | Gauntlet | Found a transporter.
 18700 | Gauntlet | Found a transporter.
 18700 | Gauntlet | Found a transporter.
 18715 | Gauntlet | Found a transporter.
 18732 | Gauntlet | Found a transporter.
 18752 | Gauntlet | Found a transporter.
 18777 | Gauntlet | Found a transporter.
 18779 | Gauntlet | Found a transporter.
 18799 | Gauntlet | Found a transporter.
 18999 | Gauntlet | Identified the ring "Otedothu" {rPois rF+ rC+ rCorr}
 19165 | Gauntlet | Identified the +2 helmet "Nomiod" {Contam rPois Int+4 SInv}
 19194 | Gauntlet | Reached skill level 1 in Long Blades
 19225 | Gauntlet | Identified the +3 shortbow "Gumob" {flame, rF++}
 19225 | Gauntlet | Identified the +5 plate armour "Ugaep" {rF+ Str+4}
 19370 | D:13     | Noticed Maurice
 19885 | D:13     | Identified the +7 dire flail of Extermination {spect, Str+2
                  | Int+3}
 19889 | D:13     | Killed Maurice
 19967 | D:13     | Noticed Azrael
 19974 | D:13     | Killed Azrael
 20216 | D:14     | Reached XP level 16. HP: 28/116 MP: 0/0
 20643 | D:14     | Found Inyn's Magic Scroll Shoppe.
 20949 | D:14     | Found a basalt altar of Yredelemnul.
 21075 | D:14     | Found a gate to the Vaults.
 21133 | D:15     | Entered Level 15 of the Dungeon
 21332 | D:15     | Identified the +5 short sword of the Wolf {drain, rElec
                  | Dex+6}
 22077 | D:15     | Found a staircase to the Depths.
 22660 | D:6      | Killed Menkaure
 22960 | Spider:1 | Entered Level 1 of the Spider Nest
 23017 | Swamp:1  | Entered Level 1 of the Swamp
 23197 | Swamp:1  | Reached skill level 13 in Spellcasting
 23992 | Swamp:2  | Reached XP level 17. HP: 123/123 MP: 0/0
 23992 | Swamp:2  | Learned a level 7 spell: Storm Form
 24014 | Swamp:2  | Noticed a tentacled monstrosity
 24019 | Swamp:2  | Killed a tentacled monstrosity
 24138 | Swamp:2  | Identified the +3 ring mail of Mirth {Harm Drain rElec
                  | Will+++}
 25365 | Swamp:4  | Entered Level 4 of the Swamp
 25365 | Swamp:4  | Identified Roxanne's Octavo of the Tektite
 25365 | Swamp:4  | Noticed Roxanne
 25766 | Swamp:4  | Reached XP level 18. HP: 70/130 MP: 0/0
 25940 | Swamp:4  | Got a decaying rune of Zot
 25956 | Swamp:4  | Reached skill level 14 in Spellcasting
 26199 | Swamp:4  | Killed Roxanne
 26703 | Elf:1    | Entered Level 1 of the Elven Halls
 26803 | Elf:1    | Found a frozen archway.
 26819 | IceCv    | Entered an ice cave
 27003 | IceCv    | Slain by a reaper

Illustrated notes

Levels and vault maps discovered:
D:1:      psy_arrival_whirlpool, layout_basic, ebering_ecumenical_altar_webs,
          serial_shops, nicolae_shop_behind_doors, minmay_quantized
D:2:      layout_loops_ring, serial_shops, nicolae_lakefront_shop, basic_altar,
          minmay_misc_feat_pillars
D:3:      layout_loops_corners, uniq_terence
D:4:      layout_basic, nicolae_overflow_squiral, nemelex_altar_shiori
D:5:      layout_layer_cave, mainiacjoe_overflow_concentric_impassable
D:6:      layout_basic, gammafunk_temple_of_torment, minmay_temple_entry_mist,
          serial_shops, nicolae_shop_competitors_out_of_business, st_stairs_9,
          minmay_chambers_of_fives, uniq_sigmund
D:7:      layout_loops_corners, good_gods_mini_temple, old_standard_altar,
          uniq_pikel, uniq_menkaure
D:8:      wad_river_or_something, layout_cave_pods,
          nicolae_shop_sticking_my_neck_out
D:9:      layout_basic
D:10:     layout_long_grid, nicolae_uskayaw_en_pointe, kennysheep_mini_moat,
          dpeg_oklobed_lair, david_orc_2, uniq_maggie
D:11:     layout_roguey
D:12:     layout_loops_ring, ebering_ghost_rock_garden,
          kennysheep_orc_sif_temple, uniq_erolcha
D:13:     layout_basic, gauntlet_entry_generic, uniq_azrael, uniq_maurice
D:14:     layout_long_grid, ximxim_vaults_locker_room, serial_park_square2,
          serial_shops, nicolae_shop_behind_doors,
          yredelemnul_forgotten_temple_becter
D:15:     hangedman_depths_entry_try_elsewhere_first, layout_layer_cave,
          corexii_hall_statues_u, minmay_fractal_squares_5
Lair:1:   layout_regular_city, basic_altar, dreamdust_mushroom_princess,
          minmay_holes, minivault_11, serial_bayou_shore_b, uniq_nergalle,
          uniq_urug
Lair:2:   layout_chaotic_city, minmay_swamp_entry_swarm,
          spider_nest_entry_rubble, serial_bayou_lagoon_a,
          nicolae_quartered_pool_super, grunt_forest_large_clearings
Lair:3:   layout_cave_pods, st_stairs_11, chequers_serial_rivers_marsh,
          infiniplex_staircase_pool
Lair:4:   layout_gridlike
Lair:5:   cheibrodos_lair_end_hotspot, layout_gridlike, slime_entry_2,
          minivault_27
Swamp:1:  layout_basic_swamp, serial_swamp_ruin, evilmike_swamp_ruin_house_5,
          evilmike_swamp_ruin_house_3
Swamp:2:  layout_basic_swamp, evilmike_swamp_ruin_house_2, swamp_pool2
Swamp:3:  layout_basic_swamp, nicolae_swamp_tree_isthmus, swamp_pool2,
          beargit_kiku_chapel
Swamp:4:  swamp_alternative, layout_basic_swamp, uniq_roxanne
Spider:1: nicolae_spider_obnoxious_hallway, nicolae_spider_webs_and_nodes
Orc:1:    layout_diamond_mine, bh_open_orc_temple
Orc:2:    st_orc_town, layout_caves, serial_shops, shop
Elf:1:    minmay_elf_arrival_summoners, layout_gridlike,
          portal_ice_cave_entry_ice_statue_one, hangedman_elf_disciples
IceCv:    ice_cave_small_demon

Skill      XL: |  1  2  3  4  5  6  7  8  9 10 11 12 13 14 15 16 17 18 |
---------------+-------------------------------------------------------+-----
Armour         | 1 2 3 4 5 6 7 8 9 10 11 12 | 12.0
Fighting       | 1 2 3 4 5 6 7 8 9 11 12 | 12.8
Stealth        | 2 |  2.0
Spellcasting   | 3 4 5 6 8 9 11 12 13 14 | 14.3
Short Blades   | 1 2 4 5 |  5.0
Dodging        | 3 4 5 6 7 8 9 10 11 12 | 12.0
Shields        | 1 2 4 5 6 7 8 9 |  9.4
Staves         | 1 2 3 5 |  5.0
Invocations    | 1 2 3 4 6 7 8 9 |  9.3
Evocations     | 1 2 3 4 6 7 |  7.0
Throwing       | 1 2 |  2.0
Long Blades    | 2 3 |  3.7

Action                     |  1- 3 |  4- 6 |  7- 9 | 10-12 | 13-15 | 16-18 || total
---------------------------+-------+-------+-------+-------+-------+-------++-------
  Melee: Short sword       |     8 |     1 |       |       |       |       ||     9
         Dagger            |     1 |       |       |       |       |       ||     1
         Staff             |       |       |       |       |     4 |       ||     4
         Falchion          |       |       |       |       |    22 |     2 ||    24
         Unarmed           |       |       |       |       |       |     1 ||     1
   Cast: Foxfire           |    89 |    96 |   125 |   292 |    34 |    33 ||   669
         Scorch            |       |    30 |    67 |   170 |   127 |    52 ||   446
         Portal Projectile |       |       |     1 |       |       |       ||     1
         Flame Wave        |       |       |     2 |     5 |     9 |    18 ||    34
         Airstrike         |       |       |     1 |   102 |   627 |   651 ||  1381
         Kindle Blastspark |       |       |       |     2 |       |       ||     2
         Inner Flame       |       |       |       |       |     2 |     2 ||     4
         Anguish           |       |       |       |       |     7 |     2 ||     9
         Metabolic Englaci |       |       |       |       |    12 |     9 ||    21
         Summon Cactus Gia |       |       |       |       |     6 |     2 ||     8
         Storm Form        |       |       |       |       |       |     1 ||     1
  Evoke: Box of beasts     |       |       |       |       |     2 |     1 ||     3
         Wand              |       |       |       |       |     1 |     8 ||     9
         Condenser vane    |       |       |       |       |       |     1 ||     1
    Use: Scroll            |       |     5 |     7 |     5 |    24 |    12 ||    53
         Potion            |       |       |       |       |     2 |     2 ||     4
 Armour: Robe              |    10 |     2 |    13 |    12 |       |       ||    37
         Steam dragon scal |       |       |       |    20 |       |       ||    20
         Troll leather arm |       |       |       |    17 |    83 |   143 ||   243
  Dodge: Dodged            |    21 |    13 |    37 |    85 |   134 |   166 ||   456
  Block: Buckler           |       |       |       |    33 |   152 |   187 ||   372
         Reflection        |       |       |       |       |     6 |    17 ||    23
         Other             |       |       |       |       |       |     1 ||     1

Table legend: (Time is in decaauts)
 A = Elapsed time spent in this place.
 B = Non-inter-level travel time spent in this place.
 C = Inter-level travel time spent in this place.
 D = Time resting spent in this place.
 E = Time spent auto-exploring this place.
 F = Levels seen in this place.
 G = Mean time per level.
                   A        B        C        D        E       F      G
               +--------+--------+--------+--------+--------+-----+--------+
         Total |  27035 |  24508 |   2527 |   1430 |  17767 |  30 |  901.2 |
       Dungeon |  15242 |  13701 |   1541 |    412 |  10880 |  15 | 1016.1 |
          Lair |   5415 |   4904 |    511 |    234 |   3693 |   5 | 1083.0 |
         Swamp |   3552 |   3289 |    263 |    605 |   1741 |   4 |  888.0 |
   Spider Nest |     23 |     23 |      0 |      0 |      2 |   1 |   23.0 |
  Orcish Mines |   1784 |   1575 |    209 |     79 |   1080 |   2 |  892.0 |
   Elven Halls |    115 |    115 |      0 |      2 |      0 |   1 |  115.0 |
      Ice Cave |    183 |    183 |      0 |     16 |     62 |   1 |  183.0 |
      Gauntlet |    716 |    716 |      0 |     82 |    309 |   1 |  716.0 |
               +--------+--------+--------+--------+--------+-----+--------+

Top non-repeatable levels by time:
  Lair:5: 1597 daAuts
     D:9: 1396 daAuts
    D:15: 1354 daAuts
     D:1: 1342 daAuts
     D:7: 1232 daAuts
  Lair:3: 1224 daAuts
    D:14: 1133 daAuts
     D:8: 1132 daAuts
 Swamp:3: 1116 daAuts
     D:4: 1030 daAuts
  Lair:2: 998 daAuts
     D:6: 969 daAuts
 Swamp:1: 944 daAuts
  Lair:1: 916 daAuts
   Orc:1: 916 daAuts
